 Dungeon Crawl Stone Soup version 0.17.1-3-g152610e (webtiles) character file.

201 manyhoops the Chiller (level 5, 0/28 HPs)
             Began as a Deep Elf Ice Elementalist on Apr 11, 2016.
             Was a Follower of Vehumet.
             Killed from afar by a white imp (5 damage)
             ... with a puff of frost
             ... on level 4 of the Dungeon.
             The game lasted 00:21:42 (4413 turns).

manyhoops the Chiller (Deep Elf Ice Elementalist)   Turns: 4413, Time: 00:21:43

Health: 0/28       AC:  3    Str:  5    XL:     5   Next: 50%
Magic:  13/14      EV: 13    Int: 21    God:    Vehumet [*.....]
Gold:   166        SH:  0    Dex: 15    Spells: 3 memorised, 8 levels left

rFire  . . .     SeeInvis .     w - +1 short sword (venom)
rCold  . . .     Clarity  .     a - +0 robe
rNeg   . . .     SustAt   .     (no shield)
rPois  .         Gourm    .     v - +0 helmet
rElec  .         Spirit   .     (no cloak)
rCorr  .         Warding  .     (no gloves)
rMut   .         Stasis   .     (no boots)
MR     .....                    f - amulet of inaccuracy (curse)
Stlth  ++........               (no ring)
                                (no ring)

@: very slightly contaminated, not resistant to hostile enchantments, unstealthy
A: no striking features
a: Renounce Religion


You were on level 4 of the Dungeon.
You worshipped Vehumet.
Vehumet was aware of your devotion.
You were hungry.

You visited 1 branch of the dungeon, and saw 4 of its levels.
You also visited: Ossuary.

You collected 166 gold pieces.

Inventory:

Hand Weapons
 w - a +1 short sword of venom (weapon)
Armour
 a - a +0 robe (worn)
 v - a +0 helmet (worn)
Jewellery
 f - a cursed amulet of inaccuracy (around neck)
 n - an uncursed amulet of clarity {unknown}
Scrolls
 j - 2 scrolls of enchant weapon
 t - 2 scrolls of immolation
 u - a scroll of teleportation
Potions
 d - a potion of lignification {unknown}
 h - a potion of flight {unknown}
 i - 2 potions of curing {unknown}
 l - a potion of brilliance {unknown}
 m - a potion of invisibility
 p - a potion of might {unknown}
 s - a potion of agility {unknown}
Books
 b - a book of Frost

   Spells                             Type                      Level
   a - Freeze                         Ice                          1
   b - Throw Frost                    Conjuration/Ice              2
   c - Ozocubu's Armour               Charms/Ice                   3
   d - Throw Icicle                   Conjuration/Ice              4
   e - Summon Ice Beast               Ice/Summoning                4
   f - Condensation Shield            Ice                          4
 r - an Akashic Record

   Spells                             Type                      Level
   a - Dispersal                      Translocation                6
   b - Malign Gateway                 Summoning/Translocation      7
   c - Disjunction                    Translocation                8
   d - Controlled Blink               Translocation                8
Comestibles
 c - 3 bread rations
 k - a meat ration
 o - 2 fruits


   Skills:
   Level 0.2 Maces & Flails
 - Level 2.4 Dodging
 - Level 2.6 Stealth
 - Level 5.0 Spellcasting
 + Level 2.8 Conjurations
 - Level 5.1 Ice Magic


You had 8 spell levels left.
You knew the following spells:

 Your Spells              Type           Power        Failure   Level  Hunger
a - Freeze                Ice            ####         1%          1    None
b - Throw Frost           Conj/Ice       ###...       3%          2    None
c - Ozocubu's Armour      Chrm/Ice       ###.....     14%         3    ##.....


Dungeon Overview and Level Annotations

Branches:
Dungeon (4/15)
 Temple: D:4-7

Altars:
Ashenzari
Cheibriados
Dithmenos
Fedhas
Vehumet
The Shining One

Annotations:
D:3 Sl000nik's ghost, amateur KoAs


Message History

Press: ? - help, Dir - move target cursor, p - white imp You are very lightly contaminated with residual magic.
As you read the scroll of blinking, it crumbles to dust.
Unknown command.
There is a stone staircase leading down here.
You are feeling hungry.
There is a stone staircase leading up here.
Your icy armour starts to melt.
You climb upwards.
Level annotation: Sl000nik's ghost, amateur KoAs Sl000nik's ghost hits you but does no damage.
Sl000nik's ghost closely misses you.
There is a stone staircase leading down here.
Sl000nik's ghost hits you but does no damage.
You climb downwards.
There is a stone staircase leading up here.
Your icy armour evaporates.
The white imp gestures at you. The puff of frost hits you!
You die...

#..####..#....##.#######.
#.###................###.
#.##..####..##...........
###.##.## #.##............
#...##.#####..#..........#.
##.###..##.......5........#.
##...##.....###............##
##.......#........<.........##
#<...........@................
###.#......#'########........##.
#...#......#_#..................
#...#....###'#.#####..........#.
#.....>..# #...# #............
#....#...# ##### #..........#.
#...###.## #..........## #...#
### ##........## #####
##......##


You could see a white imp.

Vanquished Creatures
  Ijyb (D:2)
  A worker ant (D:4)
  3 gnolls (D:3)
  4 adders
  An ooze (D:4)
  2 worms
  4 giant geckos
  An orc (D:4)
  9 hobgoblins
  7 jackals
  7 kobolds
  A quokka (D:4)
  2 ball pythons
  6 bats
  7 giant cockroaches
  6 giant newts
  5 goblins
  2 goblin zombies (D:4)
  A hobgoblin zombie (D:4)
  3 kobold skeletons (D:4)
  A kobold zombie (D:4)
  5 rats
  A rat zombie (D:4)
80 creatures vanquished.

Vanquished Creatures (others)
  A jackal (D:1)
1 creature vanquished.

Grand Total: 81 creatures vanquished

Notes
Turn   | Place    | Note
--------------------------------------------------------------
     0 | D:1      | manyhoops the Deep Elf Ice Elementalist began the quest for the Orb.
     0 | D:1      | Reached XP level 1. HP: 10/10 MP: 6/6
   286 | D:1      | Reached XP level 2. HP: 1/15 MP: 6/8
   513 | D:1      | Learned a level 2 spell: Throw Frost
  1036 | D:2      | Reached skill level 4 in Ice Magic
  1094 | D:2      | Reached XP level 3. HP: 13/19 MP: 0/10
  1099 | D:2      | Found a radiant altar of Vehumet.
  1181 | D:2      | Became a worshipper of Vehumet
  1424 | D:2      | Learned a level 3 spell: Ozocubu's Armour
  1970 | D:2      | Noticed Ijyb
  1986 | D:2      | Killed Ijyb
  1986 | D:2      | Reached XP level 4. HP: 10/24 MP: 0/12
  2468 | D:3      | Noticed Sl000nik's ghost (amateur KoAs)
  2729 | D:3      | Found a shattered altar of Ashenzari.
  2767 | D:3      | Found a blossoming altar of Fedhas.
  2806 | D:3      | Reached skill level 5 in Spellcasting
  2814 | D:3      | Reached * piety under Vehumet
  2814 | D:3      | Offered knowledge of Flame Tongue by Vehumet.
  2926 | D:3      | Reached skill level 5 in Ice Magic
  2933 | D:3      | Found a shadowy altar of Dithmenos.
  2991 | D:3      | Reached XP level 5. HP: 28/28 MP: 14/14
  3535 | D:4      | Found a snail-covered altar of Cheibriados.
  3610 | D:4      | Found a sand-covered staircase.
  3617 | Ossuary  | Entered an ossuary
  4288 | D:4      | Found a glowing golden altar of the Shining One.
  4413 | D:4      | Killed from afar by a white imp

Action                   |  1- 3 |  4- 6 || total
-------------------------+-------+-------++-------
Melee: Short sword       |     8 |     3 ||    11
       Unarmed           |     2 |       ||     2
       Whip              |       |    82 ||    82
 Cast: Freeze            |    38 |    45 ||    83
       Throw Frost       |    34 |    43 ||    77
       Ozocubu's Armour  |     1 |     3 ||     4
  Use: Scroll            |       |    11 ||    11
       Potion            |       |     1 ||     1
  Eat: Chunk             |     4 |     3 ||     7
       Bread ration      |       |     1 ||     1
